 Dungeon Crawl Stone Soup version 0.16.1-17-g773cdaf (webtiles) character file.

8471 Rester5115 the Cleaver (level 11, -1/94 (100) HPs)
             Began as a Hill Orc Fighter on Apr 22, 2015.
             Was an Initiate of Gozag.
             Slain by a troll (5 damage)
             ... on level 10 of the Dungeon on Apr 23, 2015.
             The game lasted 01:02:31 (14145 turns).

Rester5115 the Cleaver (Hill Orc Fighter)          Turns: 14145, Time: 01:02:31

HP:   -1/94 (100)   AC: 18    Str: 20    XL:     11   Next: 31%
MP:   0/11          EV:  5    Int: 13    God:    Gozag
Gold: 396           SH: 13    Dex: 13    Spells: 0 memorised, 10 levels left

rFire  . . .     SeeInvis .     a - +3 war axe
rCold  . . .     Clarity  .     F - +0 plate armour (curse)
rNeg   . . .     SustAb   .     c - +1 shield
rPois  .         Gourm    .     (no helmet)
rElec  .         Spirit   +     n - +0 cloak
rCorr  .         Warding  .     M - +0 pair of gloves
rMut   .         Stasis   .     o - +0 pair of boots
MR     +....                    r - amulet of guardian spirit
Stlth  ..........               (no ring)
                                k - ring of protection from magic

@: brilliant, flying, very slightly contaminated, somewhat resistant to hostile
enchantments, extremely unstealthy
A: no striking features
a: Potion Petition, Call Merchant, Bribe Branch, Renounce Religion


You were on level 10 of the Dungeon.
You worshipped Gozag.
Gozag was noncommittal.
You were not hungry.

You visited 2 branches of the dungeon, and saw 11 of its levels.

You collected 1939 gold pieces.
You spent 964 gold pieces at shops.
You paid 579 gold pieces to Gozag.

Inventory:

Hand weapons
 a - a +3 war axe (weapon)
 v - the +8 great mace of the Toadstool {flame, Int+3}
   (You found it on level 6 of the Dungeon)

   It has been specially enchanted to burn those struck by it, causing extra
   injury to most foes and up to half again as much damage against particularly
   susceptible opponents.
   It affects your intelligence (+3).
 N - a +0 club
Armour
 b - a +1 scale mail
 c - a +1 shield (worn)
 n - a +0 cloak (worn)
 o - a +0 pair of boots (worn)
 F - a cursed +0 plate armour (worn)
 M - a +0 pair of gloves (worn)
Jewellery
 k - a ring of protection from magic (left hand)
 m - an uncursed amulet of the gourmand
 r - an amulet of guardian spirit (around neck)
 z - an uncursed ring of stealth
 L - an uncursed ring of protection from fire
Magical devices
 j - a wand of hasting (1)
 A - a wand of teleportation (0)
 D - a wand of random effects (0)
 I - a wand of flame (18)
 J - a wand of lightning (0)
Scrolls
 h - 6 scrolls of identify
 l - 2 scrolls of magic mapping
 E - 2 scrolls of remove curse
Potions
 e - a potion of haste {unknown}
 f - 2 potions of magic
 g - a potion of invisibility {unknown}
 i - a potion of degeneration {unknown}
 p - a potion of agility {unknown}
 q - a potion of poison {unknown}
 t - 2 potions of brilliance
 u - 2 potions of restore abilities
 C - a potion of mutation {unknown}
Books
 y - a book of Conjurations

   Spells                             Type                      Level
   a - Magic Dart                     Conjuration                  1
   b - Searing Ray                    Conjuration                  2
   c - Dazzling Spray                 Conjuration/Hexes            3
   d - Fulminant Prism                Conjuration/Hexes            4
   e - Iskenderun's Mystic Blast      Conjuration                  4
   f - Iskenderun's Battlesphere      Conjuration/Charms           5
 B - a book of Unlife

   Spells                             Type                      Level
   a - Recall                         Summoning/Translocation      3
   b - Animate Dead                   Necromancy                   4
   c - Control Undead                 Necromancy                   4
   d - Cigotuvi's Embrace             Necromancy                   5
   e - Death Channel                  Necromancy                   6
   f - Simulacrum                     Ice/Necromancy               6
Comestibles
 d - 12 meat rations
 x - 8 bread rations
 G - 3 slices of pizza
 H - 11 beef jerkies
 K - 9 royal jellies


   Skills:
 + Level 10.2 Fighting
 + Level 12.7 Axes
 - Level 0.2(6.9) Maces & Flails
 + Level 9.7 Armour
 + Level 9.7 Shields


You had 10 spell levels left.
You didn't know any spells.

Dungeon Overview and Level Annotations

Branches:
Dungeon (10/15)            Temple (1/1) D:7            Lair (0/8) D:9
    Orc (0/4) D:9

Altars:
Ashenzari
Cheibriados
Dithmenos
Elyvilon
Gozag
Kikubaaqudgha
Makhleb
Nemelex Xobeh
Okawaru
Qazlal
Ru
Sif Muna
Trog
Vehumet
Xom
The Shining One

Shops:
D:4 *   D:8 }   D:13 (


Message History

The hill giant hits you with a giant club!
* * * LOW HITPOINT WARNING * * *
The goliath beetle bites you.
* * * LOW HITPOINT WARNING * * *
You slash the hill giant!
You kill the hill giant!
You slash the goliath beetle!
The goliath beetle is almost dead.
It was a potion of magic.
Magic courses through your body. You block the troll's attack.
The troll claws you.
* * * LOW HITPOINT WARNING * * *
The troll claws you but does no damage. The goliath beetle bites you!!
* * * LOW HITPOINT WARNING * * *
It was a potion of restore abilities.
You feel refreshed. You block the troll's attack. x3
It was a potion of flight.
You feel very buoyant.
You fly up into the air.
The troll bites you!
You die...
Your body crumbles into a pile of gold.

###..).## ##.........#
###### #.........# #
########### ## #####
.### ##...## ...#
#.....# ##B########
#.....#
#.#......#########.....#
#.#......#....B@T......#
#.C..B.....#######.....#
###......### #.....#
#....<.# #.....#
#......# #.....#
#......# ##...##
#......# ##### ########


You could see a goliath beetle and a troll.

Vanquished Creatures
  A hill giant (D:10)
  An ugly thing (D:10)
  An elephant (D:9)
  The ghost of raikaria the Vexing, an average FoAM (D:4)
  2 trolls (D:9)
  A wyvern (D:8)
  2 steam dragons
  A wraith (D:10)
  6 yaks (D:10)
  3 sky beasts
  6 orc warriors
  6 ogres
  An ice beast (D:7)
  A centaur (D:5)
  2 necrophages
  A water moccasin (D:8)
  2 wasps (D:8)
  A boring beetle (D:8)
  4 phantoms
  A crocodile (D:9)
  Duvessa (D:5)
  6 giant frogs
  A brain worm (D:8)
  3 scorpions
  2 wyvern skeletons
  Dowan (D:5)
  3 crimson imps
  6 goliath beetles
  5 jellies
  4 hounds
  A centaur skeleton (D:4)
  5 orc priests
  9 orc wizards
  5 iguanas
  11 worker ants
  A killer bee zombie (D:9)
  8 ogre zombies (D:9)
  A sheep (D:9)
  A mummy (D:7)
  7 gnolls
  12 adders
  3 giant mites
  3 shadow imps
  2 worms
  An adder zombie (D:9)
  An adder skeleton (D:4)
  12 giant geckos
  3 oozes
  40 orcs
  4 giant cockroaches
  15 hobgoblins
  4 jackals (D:7)
  5 ball pythons
  20 bats
  A giant gecko skeleton (D:4)
  4 giant newts
  15 goblins
  2 goblin skeletons (D:9)
  4 goblin zombies (D:9)
  A hobgoblin skeleton (D:9)
  4 hobgoblin zombies (D:9)
  19 kobolds
  2 orc skeletons (D:9)
  12 orc zombies (D:9)
  6 quokkas
  13 rats
  3 ballistomycetes (D:6)
336 creatures vanquished.

Vanquished Creatures (others)
  An orc wizard (D:8)
  2 gnolls (D:8)
  A giant spore (D:6)
4 creatures vanquished.

Grand Total: 340 creatures vanquished

Notes
Turn   | Place    | Note
--------------------------------------------------------------
     0 | D:1      | Rester5115, the Hill Orc Fighter, began the quest for the Orb.
     0 | D:1      | Reached XP level 1. HP: 19/19 MP: 1/1
   197 | D:1      | Reached XP level 2. HP: 24/27 MP: 2/2
   703 | D:1      | Reached skill level 4 in Fighting
   961 | D:2      | Reached XP level 3. HP: 29/33 MP: 3/3
  1268 | D:2      | Reached XP level 4. HP: 30/41 MP: 4/4
  1444 | D:2      | Paralysed by a gnoll for 4 turns
  2257 | D:2      | Reached XP level 5. HP: 47/47 MP: 5/5
  2328 | D:2      | Paralysed by a gnoll for 5 turns
  2612 | D:2      | Found a shimmering altar of Xom.
  3428 | D:3      | Reached XP level 6. HP: 45/55 MP: 6/6
  3666 | D:4      | Reached skill level 5 in Fighting
  3666 | D:4      | Reached skill level 5 in Axes
  3838 | D:4      | Noticed raikaria's ghost (average FoAM)
  3844 | D:5      | Entered Level 5 of the Dungeon
  3905 | D:5      | Found an opulent altar of Gozag.
  3911 | D:5      | Reached skill level 5 in Armour
  4021 | D:5      | Became a worshipper of Gozag Ym Sagoz the Greedy
  4248 | D:5      | Reached XP level 7. HP: 61/61 MP: 7/7
  4251 | D:5      | Reached skill level 5 in Shields
  4416 | D:5      | Noticed a steam dragon
  4416 | D:5      | Noticed a steam dragon
  4681 | D:4      | Killed raikaria's ghost
  4681 | D:4      | Reached skill level 6 in Axes
  4967 | D:4      | Found Dabri's General Store.
  4974 | D:4      | Bought a bread ration for 55 gold pieces
  4974 | D:4      | Bought a scroll of enchant weapon for 82 gold pieces
  5415 | D:5      | Noticed Duvessa
  5416 | D:5      | Noticed Dowan
  5424 | D:5      | Killed Duvessa
  5429 | D:5      | Killed Dowan
  5429 | D:5      | Reached XP level 8. HP: 57/70 MP: 6/8
  5636 | D:5      | Reached skill level 7 in Axes
  6409 | D:6      | Reached skill level 8 in Axes
  6448 | D:6      | Got an ebony great mace
  6449 | D:6      | Identified the +8 great mace of the Toadstool {flame, Int+3} (You found it on level 6 of the Dungeon)
  6791 | D:6      | Reached XP level 9. HP: 70/72 MP: 9/9
  6823 | D:6      | Found a shadowy altar of Dithmenos.
  6832 | D:6      | Found a shattered altar of Ashenzari.
  7460 | D:7      | Reached skill level 9 in Axes
  7650 | D:7      | Killed a steam dragon
  7858 | D:7      | Found a staircase to the Ecumenical Temple.
  7870 | Temple   | Entered the Ecumenical Temple
  8593 | D:7      | Found a deep blue altar of Sif Muna.
  8594 | D:7      | Found a snail-covered altar of Cheibriados.
  8692 | D:7      | Found a white marble altar of Elyvilon.
  8754 | D:7      | Found a radiant altar of Vehumet.
  8794 | D:8      | Reached skill level 10 in Axes
  8803 | D:8      | Got a translucent mace
  8804 | D:8      | Identified the +10 mace "Toluwu" {drain, +Rage rPois rC- MR+ Str-5} (You found it on level 8 of the Dungeon)
  8836 | D:8      | Found Gaacs' Food Emporium.
  8853 | D:8      | Bought a meat ration for 55 gold pieces
  8853 | D:8      | Bought a bread ration for 55 gold pieces
  8853 | D:8      | Bought a meat ration for 55 gold pieces
  8853 | D:8      | Bought a slice of pizza for 16 gold pieces
  8853 | D:8      | Bought a beef jerky for 16 gold pieces
  8853 | D:8      | Bought a meat ration for 55 gold pieces
  8853 | D:8      | Bought a bread ration for 55 gold pieces
  8853 | D:8      | Bought a bread ration for 55 gold pieces
  8853 | D:8      | Bought a meat ration for 55 gold pieces
  8853 | D:8      | Bought a beef jerky for 16 gold pieces
  8853 | D:8      | Bought a slice of pizza for 16 gold pieces
  9202 | D:8      | Reached XP level 10. HP: 82/84 MP: 10/10
  9239 | D:8      | Found Fauputat's Food Boutique.
  9248 | D:8      | Bought a slice of pizza for 16 gold pieces
  9248 | D:8      | Bought a beef jerky for 16 gold pieces
  9248 | D:8      | Bought a meat ration for 55 gold pieces
  9248 | D:8      | Bought a beef jerky for 16 gold pieces
  9248 | D:8      | Bought a bread ration for 55 gold pieces
  9248 | D:8      | Bought a meat ration for 55 gold pieces
  9248 | D:8      | Bought a bread ration for 55 gold pieces
  9248 | D:8      | Bought a meat ration for 55 gold pieces
  9248 | D:8      | Bought a meat ration for 55 gold pieces
  9806 | D:9      | Found an ancient bone altar of Kikubaaqudgha.
 10346 | D:9      | Noticed an elephant
 10347 | D:9      | Found a staircase to the Lair.
 10355 | D:10     | Entered Level 10 of the Dungeon
 10452 | D:10     | Reached skill level 11 in Axes
 10879 | D:10     | Noticed a brown ugly thing
 11487 | D:8      | Found Boak's Gadget Emporium.
 11841 | D:8      | Killed a steam dragon
 12591 | D:9      | Found a staircase to the Orcish Mines.
 12629 | D:9      | Reached XP level 11. HP: 69/93 MP: 8/11
 12900 | D:9      | Killed an elephant
 12900 | D:9      | Reached skill level 12 in Axes
 13429 | D:9      | Reached skill level 10 in Fighting
 13484 | D:9      | Found an iron altar of Okawaru.
 14011 | D:10     | Noticed a hill giant
 14085 | D:10     | Killed a brown ugly thing
 14142 | D:10     | Killed a hill giant
 14143 | D:10     | HP: 4/94 [goliath beetle (14)]
 14145 | D:10     | Slain by a troll

Action                   |  1- 3 |  4- 6 |  7- 9 | 10-12 || total
-------------------------+-------+-------+-------+-------++-------
Melee: War axe           |    86 |   227 |   474 |   524 ||  1311
       Great mace        |       |       |     7 |       ||     7
Invok: Potion Petition   |       |     1 |       |       ||     1
       Call Merchant     |       |       |       |     1 ||     1
Evoke: Wand              |       |       |     6 |     3 ||     9
  Use: Potion            |     1 |       |     4 |     6 ||    11
       Scroll            |       |    11 |    15 |     2 ||    28
 Stab: Distracted        |       |       |     1 |     2 ||     3
  Eat: Bread ration      |       |     1 |     3 |     4 ||     8
       Meat ration       |       |     1 |       |       ||     1
       Royal jelly       |       |     1 |       |       ||     1
       Chunk             |       |     1 |       |       ||     1
       Beef jerky        |       |       |     1 |       ||     1
       Fruit             |       |       |     1 |       ||     1
